AoeStats
← Onizuka

Nomad

511130620Analyzed
4v4 RM · 16d ago on Oct 3, 2026· 20m 55s· 8 players
Game mode
Random Map
Map size
231×231
Population
200
Speed
Normal
Resources
Standard
Victory
Conquest
Starting age
Dark Age
Ending age
Imperial Age
RankedLock teamsTeams togetherTeam positionsShared explorationLock speedFull tech treeHidden civsTurbo modeCheats
Victory
Defeat
🇦🇷 Vietnamese · Argentina
1375
+14
🇦🇷 Varangians · Argentina
1363
+14
🇦🇷 Persians · Argentina
1293
+17
🇦🇷 Saxons · Argentina
1290
+18
vs
🇧🇴 Slavs · Bolivia
1387
-18
🇭🇰 Saracens · Hong Kong SAR China
1362
-17
🇺🇸 Burmese · United States
1289
-14
🇧🇷 Vietnamese · Brazil
1270
-14
whitewidow52
3:50 Loom
3:55 Loom
13:41 Feudal Age
17:40 Castle Age
19:57 Fletching
Onizuka
4:56 Loom
12:21 Feudal Age
12:48 Town Watch
21:30 Castle Age
The Crusades Crusader
3:16 Loom
13:44 Feudal Age
17:53 Castle Age
16:05 Stone Mining
17:15 Gold Mining
17:09 Horse Collar
18:53 Town Watch
19:44 Wheelbarrow
20:01 Double-Bit Axe
yecjoel
12:01 Loom
14:27 Feudal Age
14:56 Man-at-Arms
17:48 Forging
18:47 Scale Mail Armor
20:12 Wheelbarrow
9toesGG
4:53 Loom
13:24 Feudal Age
18:33 Castle Age
Julio Argentino Roca
4:25 Loom
13:31 Feudal Age
18:05 Castle Age
16:51 Scale Barding Armor
17:03 Bloodlines
17:15 Double-Bit Axe
17:12 Horse Collar
Don Tani
3:31 Loom
13:23 Feudal Age
18:43 Castle Age
17:03 Double-Bit Axe
Juje14
4:47 Loom
13:45 Feudal Age
17:22 Castle Age
Connection lost

Rejoining the realm…

Still unreachable

The connection could not be restored.

Session expired

The server has moved on; the page needs a fresh start.